 Dungeon Crawl Stone Soup version 0.22-a0-373-gab1296c (webtiles) character file.

65 iamserjio the Bolt Thrower (level 4, 0/26 HPs)
             Began as a Kobold Hunter on Apr 25, 2018.
             Succumbed to a goblin's poison
             ... on level 2 of the Dungeon.
             The game lasted 00:02:59 (1234 turns).

iamserjio the Bolt Thrower (Kobold Hunter)          Turns: 1234, Time: 00:03:00

Health: 0/26       AC:  3    Str: 10    XL:     4   Next: 35%
Magic:  3/4        EV: 23    Int: 12    God:
Gold:   42         SH:  0    Dex: 20    Spells: 3/3 levels left

rFire    . . .     SeeInvis .   a - +1 hand crossbow
rCold    . . .     Gourm    .   (shield restricted)
rNeg     . . .     Faith    +   c - +0 leather armour
rPois    .         Spirit   +   (no helmet)
rElec    .         Reflect  .   g - scarf {Spirit}
rCorr    .         Harm     .   (no gloves)
MR       +....                  (no boots)
Stlth    +++.......             l - amulet of faith
HPRegen  0.08/turn              (no ring)
MPRegen  0.09/turn              (no ring)

@: agile, lethally poisoned (0 -> -11), berserk cooldown, slowed, very slow
A: small, repulsion field 1, carnivore, magic resistance 1
a: no special abilities


You were on level 2 of the Dungeon.
You were hungry.

You visited 1 branch of the dungeon, and saw 2 of its levels.

You collected 42 gold pieces.

Inventory:

Hand Weapons
 a - a +1 hand crossbow (weapon)
 b - a +0 short sword
 p - a +2 dagger of venom
Missiles
 d - 31 bolts (quivered)
Armour
 c - a +0 leather armour (worn)
 g - a scarf of spirit shield (worn)
 o - a +0 ring mail
Jewellery
 l - an amulet of faith (around neck)
 n - an uncursed ring of protection from cold {unknown}
Scrolls
 i - a scroll of identify {unknown}
 k - a scroll of magic mapping {unknown}
Potions
 m - a potion of curing {unknown}
Comestibles
 f - a ration


   Skills:
 - Level 2.1 Fighting
 * Level 5.8 Crossbows
 + Level 1.2 Armour
 + Level 3.3 Dodging
 - Level 1.3 Stealth


You had 3 spell levels left.
You didn't know any spells.

Dungeon Overview and Level Annotations

Branches:
Dungeon (2/15)

Altars:


Innate Abilities, Weirdness & Mutations

You are small and have problems with some larger weapons.
You are carnivorous and can eat meat at any time.
You are surrounded by a mild repulsion field. (EV +2)
You are resistant to hostile enchantments. (MR+)


Message History

It was a potion of berserk rage.
A red film seems to cover your vision as you go berserk!
You feel yourself moving faster!
You feel mighty!
* * * LOW HITPOINT WARNING * * *
You feel sick.
You are too berserk!
You feel a strong urge to attack something.
* * * LOW HITPOINT WARNING * * *
You feel sick.
* * * LOW HITPOINT WARNING * * *
You feel sick.
You feel your anger nearly subside.
You are no longer berserk.
You are exhausted.
You feel yourself slow down.
* * * LOW HITPOINT WARNING * * *
You feel sick.
It was a potion of agility.
You feel agile all of a sudden.
You die...

#....# #.. #..###
#.. #..# ######..
#..###...##..
#..##....)#..
#............ ###
#.#..........
##.###.#........##
##@#.##.#.#.....##
#(###...#.##...##
##.#.####.###.##
#.## #.###.## #.#
#.##.#.#### #.#
#.#.###.... #.#
#.#..#.####
#.#####..........
#.......<.#.####.


There were no monsters in sight!

Vanquished Creatures
  2 adders (D:2)
  A worm (D:2)
  5 dart slugs
  A bat (D:1)
  2 giant cockroaches
  4 goblins
  4 hobgoblins
  6 kobolds
  3 quokkas (D:2)
  3 frilled lizards
  3 rats (D:1)
34 creatures vanquished.

Notes
Turn   | Place    | Note
-------+----------+-------------------------------------------
     0 | D:1      | iamserjio the Kobold Hunter began the quest for the Orb.
     0 | D:1      | Reached XP level 1. HP: 12/12 MP: 1/1
     6 | D:1      | Reached skill level 5 in Crossbows
     9 | D:1      | Reached XP level 2. HP: 17/17 MP: 2/2
    91 | D:1      | Reached XP level 3. HP: 21/21 MP: 3/3
   479 | D:2      | Reached skill level 1 in Armour
   765 | D:2      | Reached XP level 4. HP: 26/26 MP: 4/4
  1228 | D:2      | Gained mutation: You are resistant to hostile enchantments. (MR+) [potion of mutation]
  1228 | D:2      | Gained mutation: You are surrounded by a mild repulsion field. (EV +2) [potion of mutation]
  1233 | D:2      | HP: 1/26 [poisoned by a goblin]
  1234 | D:2      | Succumbed to a goblin's poison

Vault maps used:
D:1:      dpeg_arrival_tiny_d, kennysheep_crisscross

Skill      XL: |  1  2  3 |
---------------+----------+-----
Crossbows      | 5 |  5.8
Armour         | 1 |  1.2
Dodging        | 3 |  3.3
Fighting       | |  2.1
Stealth        | |  1.3

Action                   |  1- 3 |  4- 6 || total
-------------------------+-------+-------++-------
 Fire: Hand crossbow     |    44 |    23 ||    67
  Use: Potion            |       |     3 ||     3
Armor: Leather armour    |     1 |     2 ||     3
Dodge: Dodged            |    10 |     1 ||    11

Table legend:
 A = Spawn XP
 B = Non-spawn XP
 C = Spawn XP percentage of total XP
 D = Spawn monster count
 E = Non-spawn monster count
 F = Spawn count percentage of total count
 G = Total turns spent on level
                    A         B        C        D         E        F      G
               +---------+---------+-------+---------+---------+-------+---------
         Total |       0 |      94 |   0.0 |       0 |      34 |   0.0 |  1234
               +---------+---------+-------+---------+---------+-------+---------
           D:1 |       0 |      40 |   0.0 |       0 |      20 |   0.0 |   443
           D:2 |       0 |      54 |   0.0 |       0 |      14 |   0.0 |   791
               +---------+---------+-------+---------+---------+-------+---------
